AoeStats
← JP 2

Lombardia

510008289Analyzed
4v4 RM · 4d ago on Sep 29, 2026· 57m 24s· 8 players
Game mode
Random Map
Map size
Large (8 player)
Population
200
Speed
Normal
Resources
Standard
Victory
Conquest
Starting age
Dark Age
Ending age
Imperial Age
RankedLock teamsTeams togetherTeam positionsShared explorationLock speedFull tech treeHidden civsTurbo modeCheats
Victory
Defeat
🇨🇱 Magyars · Chile
1204
+10
🇨🇦 Berbers · Canada
1183
+10
🇺🇸 Malians · United States
1003
+17
🇺🇸 Franks · United States
819
+24
🇨🇦 Hindustanis · Canada
1056
-16
🇺🇸 Spanish · United States
1053
-16
🇨🇦 Dravidians · Canada
1037
-15
🇹🇼 Italians · Taiwan
1016
-14
trashypanda
7:34 Loom
9:19 Feudal Age
10:12 Double-Bit Axe
14:58 Horse Collar
17:40 Castle Age
20:53 Bloodlines
23:42 Wheelbarrow
23:24 Husbandry
25:02 Bow Saw
27:43 Heavy Plow
31:33 Hand Cart
31:35 Scale Mail Armor
31:45 Forging
31:45 Squires
31:30 Arson
31:54 Scale Barding Armor
34:49 Imperial Age
32:54 Chain Mail Armor
34:11 Chain Barding Armor
34:27 Iron Casting
35:08 Elite Ghulam
35:13 Heavy Camel Rider
37:07 Two-Man Saw
37:11 Hoardings
37:16 Plate Barding Armor
39:12 Blast Furnace
38:19 Imperial Camel Rider
43:38 Theocracy
43:14 Redemption
43:14 Fervor
43:25 Sanctity
43:22 Block Printing
42:35 Light Cavalry
44:12 Caravan
46:13 Chemistry
45:27 Fletching
47:12 Ballistics
47:28 Siege Engineers
47:34 Masonry
47:20 Murder Holes
51:36 Fortified Wall
53:18 Hussar
56:04 Fletching
Ricardo Bernardo
7:55 Loom
10:32 Feudal Age
17:17 Fletching
22:00 Castle Age
22:16 Double-Bit Axe
22:44 Bodkin Arrow
22:13 Crossbowman
24:56 Town Watch
26:36 Elite Skirmisher
shaqssmm
2:03 Loom
12:08 Feudal Age
13:31 Wheelbarrow
13:25 Horse Collar
14:34 Double-Bit Axe
22:09 Castle Age
21:41 Gold Mining
22:07 Stone Mining
29:50 Fletching
33:01 Ballistics
36:12 Bodkin Arrow
36:20 Padded Archer Armor
38:40 Town Watch
39:45 Heavy Plow
40:50 Bow Saw
41:32 Leather Archer Armor
47:33 Imperial Age
46:08 Hand Cart
49:13 Squires
49:19 Bracer
49:51 Ring Archer Armor
50:24 Two-Man Saw
50:47 Murder Holes
51:54 Chemistry
53:00 Crop Rotation
54:40 Forging
54:31 Scale Mail Armor
54:40 Scale Barding Armor
55:16 Stone Shaft Mining
56:40 Masonry
CovertSpy
11:13 Feudal Age
12:24 Double-Bit Axe
18:03 Castle Age
16:40 Wheelbarrow
15:51 Town Watch
15:52 Loom
26:10 Horse Collar
30:00 Fletching
30:11 Padded Archer Armor
30:55 Bodkin Arrow
32:53 Heavy Plow
33:07 Bow Saw
34:44 Leather Archer Armor
34:40 Forging
35:28 Fortified Wall
36:53 Hand Cart
37:33 Iron Casting
37:00 Scale Mail Armor
37:16 Bloodlines
37:06 Husbandry
41:09 Imperial Age
38:41 Town Patrol
38:48 Husbandry
40:17 Caravan
40:50 Murder Holes
41:16 Ballistics
40:46 Guard Tower
41:37 Cavalier
43:24 Blast Furnace
42:41 Chain Mail Armor
42:32 Scale Barding Armor
42:28 Bracer
42:58 Ring Archer Armor
42:59 Masonry
43:51 Chemistry
44:30 Two-Man Saw
43:38 Gold Mining
43:57 Paladin
46:05 Plate Mail Armor
46:12 Stone Mining
46:59 Chain Barding Armor
49:26 Guard Tower
49:22 Arrowslits
53:41 Architecture
53:47 Keep
53:33 Bombard Tower
54:29 Conscription
Bonkus
8:19 Loom
10:37 Feudal Age
26:35 Castle Age
24:24 Double-Bit Axe
29:50 Husbandry
30:07 Forging
30:03 Scale Barding Armor
40:10 Imperial Age
40:22 Iron Casting
40:08 Chain Barding Armor
42:22 Blast Furnace
41:46 Cavalier
44:11 Paladin
46:48 Plate Barding Armor
Queendi
7:52 Loom
10:07 Feudal Age
12:22 Double-Bit Axe
12:28 Man-at-Arms
16:20 Horse Collar
23:18 Castle Age
21:52 Scale Mail Armor
22:02 Forging
23:27 Gold Mining
23:27 Long Swordsman
24:46 Heavy Plow
25:58 Wheelbarrow
25:47 Chain Mail Armor
27:23 Pikeman
30:11 Bow Saw
30:04 Arson
30:20 Squires
34:41 Hand Cart
34:21 Stone Mining
36:39 Stone Shaft Mining
37:00 Ballistics
36:51 Masonry
36:36 Murder Holes
41:19 Iron Casting
40:36 Fletching
43:24 Imperial Age
43:36 Elite Gbeto
44:39 Conscription
44:58 Hoardings
44:25 Tigui
44:01 Sappers
46:56 Plate Mail Armor
46:22 Bodkin Arrow
47:32 Chemistry
47:02 Architecture
JP 2
6:49 Loom
9:04 Feudal Age
9:34 Double-Bit Axe
20:38 Castle Age
19:35 Horse Collar
19:48 Fletching
20:34 Bloodlines
20:58 Gold Mining
21:33 Bodkin Arrow
21:55 Husbandry
25:08 Heavy Plow
25:23 Padded Archer Armor
26:15 Wheelbarrow
25:27 Town Watch
26:20 Wheelbarrow
26:41 Ballistics
27:08 Bow Saw
28:51 Leather Archer Armor
29:40 Gold Shaft Mining
28:55 Stone Mining
33:51 Hand Cart
33:37 Town Patrol
40:04 Imperial Age
40:25 Coinage
39:55 Caravan
41:36 Bracer
42:18 Ring Archer Armor
42:49 Chemistry
44:11 Cavalier
44:58 Scale Barding Armor
45:28 Banking
46:23 Chain Barding Armor
46:53 Crop Rotation
46:20 Paladin
49:11 Plate Barding Armor
50:02 Two-Man Saw
50:31 Conscription
50:40 Capped Ram
57:57 Parthian Tactics
56:52 Heavy Cavalry Archer
57:39 Thumb Ring
57:39 Recurve Bow
AmpedUpAF
7:02 Loom
11:13 Feudal Age
15:33 Castle Age
13:31 Double-Bit Axe
14:45 Scale Barding Armor
14:34 Horse Collar
16:15 Bloodlines
19:07 Forging
19:22 Town Watch
20:58 Husbandry
26:14 Wheelbarrow
26:12 Gold Mining
26:43 Fletching
27:16 Bow Saw
27:15 Town Watch
28:08 Bodkin Arrow
28:49 Kasbah
29:43 Heavy Plow
30:22 Padded Archer Armor
30:22 Stone Mining
32:39 Leather Archer Armor
32:39 Fervor
33:16 Gold Shaft Mining
33:14 Thumb Ring
33:34 Ballistics
37:34 Imperial Age
35:41 Hand Cart
35:50 Town Patrol
36:45 Chain Barding Armor
35:49 Light Cavalry
38:38 Iron Casting
38:18 Bracer
39:22 Chemistry
39:17 Conscription
38:21 Elite Camel Archer
39:52 Hoardings
39:55 Iron Casting
39:41 Maghrebi Camels
41:43 Plate Barding Armor
42:09 Blast Furnace
42:18 Crop Rotation
41:38 Hussar
44:28 Ring Archer Armor
51:24 Scale Mail Armor
52:46 Caravan
53:18 Coinage
53:00 Guilds
54:30 Chain Mail Armor
Connection lost

Rejoining the realm…

Still unreachable

The connection could not be restored.

Session expired

The server has moved on; the page needs a fresh start.